 Dungeon Crawl Stone Soup version 0.21.1-1-g345015fe64 (webtiles) character file.

2978 Lentor the Spear-Bearer (level 9, -4/80 HPs)
             Began as a Minotaur Berserker on June 22, 2018.
             Was an Elder of Trog.
             Killed by nerve-wracking pain
             ... invoked by a shadow imp
              (9 damage)
             ... on level 7 of the Dungeon.
             The game lasted 00:12:35 (6996 turns).

Lentor the Spear-Bearer (Minotaur Berserker)        Turns: 6996, Time: 00:12:35

Health: -4/80      AC: 14    Str: 25    XL:     9   Next: 53%
Magic:  8/8        EV:  9    Int:  4    God:    Trog [****..]
Gold:   300        SH:  0    Dex: 10    Spells: 8/8 levels left

rFire    . . .     SeeInvis .   t - +0 trident
rCold    . . .     Gourm    .   (no shield)
rNeg     . . .     Faith    .   p - +3 chain mail {rPois}
rPois    +         Spirit   .   (helmet restricted)
rElec    .         Reflect  .   (no cloak)
rCorr    .         Harm     .   (no gloves)
MR       .....                  (no boots)
Stlth    ..........             (no amulet)
HPRegen  0.23/turn              (no ring)
MPRegen  0.11/turn              (no ring)

@: no status effects
A: retaliatory headbutt, horns 2
a: Berserk, Trog's Hand, Brothers in Arms, Burn Spellbooks, Renounce Religion


You were on level 7 of the Dungeon.
You worshipped Trog.
Trog was greatly pleased with you.
You were very hungry.

You visited 2 branches of the dungeon, and saw 8 of its levels.

You collected 300 gold pieces.

Inventory:

Hand Weapons
 t - a +0 trident (weapon)
Armour
 p - a +3 chain mail of poison resistance (worn)
Wands
 a - a wand of paralysis (12)
 m - a wand of flame (52)
 s - a wand of random effects (33)
 x - a wand of scattershot (2)
Scrolls
 b - 2 scrolls of identify
 j - 5 scrolls of remove curse
 l - a scroll of fog {unknown}
 q - 2 scrolls of enchant armour {unknown}
 r - a scroll of teleportation {unknown}
 u - a scroll of blinking {unknown}
 v - a scroll of magic mapping
 w - a scroll of random uselessness {unknown}
Potions
 d - a potion of lignification
 f - 2 potions of cancellation
 g - a potion of mutation {unknown}
 h - 3 potions of curing
 i - 2 potions of brilliance {unknown}
 k - 2 potions of might {unknown}
 n - a potion of ambrosia {unknown}
 o - a potion of agility {unknown}
Comestibles
 c - 11 rations


   Skills:
 + Level 7.7 Fighting
 + Level 11.3 Polearms
 + Level 9.6 Armour
 - Level 2.3 Dodging


You had 8 spell levels left.
You didn't know any spells.

Dungeon Overview and Level Annotations

Branches:
Dungeon (7/15)             Temple (1/1) D:4

Altars:
Ashenzari
Cheibriados
Dithmenos
Fedhas
Gozag
Hepliaklqana
Kikubaaqudgha
Makhleb
Nemelex Xobeh
Okawaru
Qazlal
Ru
Sif Muna
Trog
Uskayaw
Vehumet
Wu Jian
Xom
Yredelemnul
Zin
The Shining One

Shops:
D:5 ?%*}

Annotations:
D:7 1 transporter


Innate Abilities, Weirdness & Mutations

You reflexively headbutt those who attack you in melee.
You have a pair of horns on your head.


Message History

The orc priest mumbles some strange prayers to Beogh against you.
Beogh smites you!
The kobold demonologist casts a cantrip, but nothing happens.
The orc priest mumbles some strange prayers to Beogh against you.
Beogh smites you!
* * * LOW HITPOINT WARNING * * *
The shadow imp sputters.
The shadow imp gestures at you. Pain shoots through your body!
* * * LOW HITPOINT WARNING * * *
The kobold demonologist miscasts a cantrip.
The kobold demonologist miscasts a cantrip.
You open the door.
The orc priest casts a cantrip, but nothing happens.
The orc priest looks encouraged for a moment.
The kobold demonologist looks encouraged for a moment.
There is an open door here.
The shadow imp gestures at you. Pain shoots through your body!
You die...

....# #####
###################
#.................#
#.###############.#####
#.#8P#.K..5oo#≈8#.)...####
###.#P.#≈≈≈≈≈≈≈#.P#........#
....#..#..P≈≈..#?$#...#.##.#
#..©#©.'..≈⌠≈..'@©#©..#.##.#
##..#..#..≈P≈..#$$#..##....#
#...#P.#≈≈≈≈≈≈≈#.P#..####..#
#.#.#8P#.o..5o5#≈8#........#
....###############.#####.##
..()................# #.#
.................#### #.#
........#..#.....# #<#
###.......##.....# ###.#


You could see a kobold demonologist, 4 orc priests and 3 shadow imps.

Vanquished Creatures
  Pikel (D:5)
  The ghost of Necrophagist the Destroyer, a novice DECj (D:5)
  Eustachio (D:4)
  A hungry ghost (D:7)
  Edmund (D:4)
  Duvessa (D:5)
  A water moccasin (D:6)
  A sky beast (D:6)
  2 slaves (D:5)
  An ice beast (D:5)
  The ghost of hofbold the Slasher, an amateur MiGl (D:3)
  A black bear (D:7)
  An ogre (D:6)
  3 centaurs
  Dowan (D:5)
  A scorpion (D:7)
  3 howler monkeys
  A bullfrog zombie (D:5)
  A crimson imp (D:5)
  5 orc priests
  2 hounds
  A jelly (D:7)
  A bullfrog skeleton (D:5)
  A gnoll shaman (D:7)
  An iguana (D:6)
  An orc wizard (D:5)
  6 worker ants
  A hound skeleton (D:7)
  Robin (D:4)
  11 gnolls
  7 adders
  3 shadow imps (D:5)
  4 oozes
  An adder zombie (D:6)
  An adder skeleton (D:7)
  A worm (D:2)
  2 dart slugs
  7 leopard geckos
  10 orcs
  3 giant cockroaches
  14 goblins
  12 hobgoblins
  2 jackals (D:7)
  3 quokkas
  2 ball pythons
  10 bats
  7 frilled lizards
  6 kobolds
  A leopard gecko skeleton (D:6)
  8 rats
159 creatures vanquished.

Vanquished Creatures (others)
  A slave (D:5)
  2 orcs (D:5)
3 creatures vanquished.

Grand Total: 162 creatures vanquished

Notes
Turn   | Place    | Note
-------+----------+-------------------------------------------
     0 | D:1      | Lentor the Minotaur Berserker began the quest for the Orb.
     0 | D:1      | Reached XP level 1. HP: 19/19 MP: 0/0
   116 | D:1      | Reached XP level 2. HP: 27/27 MP: 1/1
   167 | D:1      | Reached skill level 4 in Polearms
   848 | D:2      | Reached XP level 3. HP: 33/33 MP: 2/2
   942 | D:2      | Found an opulent altar of Gozag.
   945 | D:2      | Found a radiant altar of Vehumet.
   958 | D:2      | Reached ** piety under Trog
  1463 | D:2      | Reached XP level 4. HP: 41/41 MP: 3/3
  1632 | D:3      | Reached skill level 5 in Polearms
  1634 | D:3      | Reached XP level 5. HP: 47/47 MP: 4/4
  2026 | D:3      | Reached skill level 5 in Fighting
  2026 | D:3      | Reached skill level 6 in Polearms
  2245 | D:3      | Found a bloodstained altar of Trog.
  2317 | D:3      | Noticed hofbold's ghost (amateur MiGl)
  2331 | D:3      | Killed hofbold's ghost
  2331 | D:3      | Reached XP level 6. HP: 22/56 MP: 5/5
  2789 | D:4      | Noticed Edmund
  2804 | D:4      | Killed Edmund
  2804 | D:4      | Reached skill level 5 in Armour
  2919 | D:4      | Found a snail-covered altar of Cheibriados.
  3038 | D:4      | Found a staircase to the Ecumenical Temple.
  3047 | Temple   | Entered the Ecumenical Temple
  3235 | D:4      | Noticed Robin
  3248 | D:4      | Killed Robin
  3248 | D:4      | Reached skill level 7 in Polearms
  3256 | D:4      | Reached *** piety under Trog
  3563 | D:4      | Noticed Eustachio
  3590 | D:4      | Killed Eustachio
  3590 | D:4      | Reached XP level 7. HP: 61/61 MP: 6/6
  3735 | D:5      | Entered Level 5 of the Dungeon
  3790 | D:5      | Found Libliucw's Assorted Antiques.
  3807 | D:5      | Found Elievonga's Gadget Shop.
  3831 | D:5      | Noticed Pikel
  3847 | D:5      | Killed Pikel
  3847 | D:5      | Reached skill level 8 in Polearms
  3847 | D:5      | Reached XP level 8. HP: 70/70 MP: 7/7
  3855 | D:5      | Reached skill level 9 in Polearms
  3996 | D:5      | Noticed Duvessa
  3997 | D:5      | Noticed Dowan
  4005 | D:5      | Killed Duvessa
  4011 | D:5      | Killed Dowan
  4120 | D:5      | Found Epreethoshro's Food Shop.
  4152 | D:5      | Found Bomieb's Magic Scroll Boutique.
  4284 | D:5      | Noticed Necrophagist's ghost (novice DECj)
  4290 | D:5      | Killed Necrophagist's ghost
  4395 | D:5      | Reached skill level 10 in Polearms
  4841 | D:6      | Found an ancient bone altar of Kikubaaqudgha.
  4841 | D:6      | Found a blossoming altar of Fedhas.
  5078 | D:6      | Reached XP level 9. HP: 70/79 MP: 8/8
  5269 | D:6      | Reached **** piety under Trog
  6162 | D:7      | Found a transporter.
  6181 | D:7      | Found a transporter.
  6207 | D:7      | Noticed a kobold demonologist
  6234 | D:7      | Reached skill level 11 in Polearms
  6245 | D:7      | Found a shimmering altar of Xom.
  6247 | D:7      | Noticed an angel
  6249 | D:7      | Found a glowing silver altar of Zin.
  6409 | D:7      | Received a gift from Trog
  6991 | D:7      | HP: 4/80 [shadow imp/nerve-wracking pain (13)]
  6996 | D:7      | Killed from afar by a shadow imp

Skill      XL: |  1  2  3  4  5  6  7  8  9 |
---------------+----------------------------+-----
Fighting       | 4 5 6 7 |  7.7
Polearms       | 4 5 6 7 8 10 11 | 11.3
Armour         | 3 4 5 7 8 9 |  9.6
Dodging        | |  2.3

Action                   |  1- 3 |  4- 6 |  7- 9 || total
-------------------------+-------+-------+-------++-------
Melee: Spear             |   108 |   145 |   106 ||   359
       Headbutt          |     9 |    29 |    42 ||    80
       Trident           |       |       |   148 ||   148
Invok: Berserk           |       |     3 |     3 ||     6
  Use: Scroll            |       |     7 |       ||     7
       Potion            |       |       |     2 ||     2
 Stab: Distracted        |       |       |     1 ||     1
  Eat: Chunk             |     1 |     6 |    12 ||    19
       Ration            |       |     1 |     1 ||     2
Armor: Chain mail        |    30 |    43 |    96 ||   169
       Ring mail         |       |     7 |       ||     7
Dodge: Dodged            |    27 |    53 |    68 ||   148
